 Dungeon Crawl Stone Soup version 0.28-a0-938-gbc3f381ebc (webtiles) character file.

Game seed: 5974014775862116507

497 Hipnos the Archer (level 6, -1/34 HPs)
             Began as a Deep Elf Arcane Marksman on Nov 28, 2021.
             Was an Initiate of Okawaru.
             Slain by a water moccasin (5 damage)
             ... on level 5 of the Dungeon.
             The game lasted 00:11:29 (4142 turns).

Hipnos the Archer (Deep Elf Arcane Marksman)        Turns: 4142, Time: 00:11:30

Health: -1/34      AC:  7    Str: 12    XL:     6   Next: 93%
Magic:  3/12       EV: 13    Int: 20    God:    Okawaru [......]
Gold:   148        SH:  0    Dex: 15    Spells: 4/11 levels left

rFire   . . .      SeeInvis .   a - +0 shortbow
rCold   . . .      Faith    .   (shield currently unavailable)
rNeg    . . .      Spirit   .   d - +0 robe
rPois   .          Reflect  .   j - +0 helmet
rElec   .          Harm     .   (no cloak)
rCorr   +          Rampage  .   (no gloves)
Will    .....                   (no boots)
Stlth   ++........              (no amulet)
HPRegen 0.11/turn               g - +4 ring of protection
MPRegen 0.13/turn               n - ring "Welom" {rCorr Str+5 Stlth+}

@: portalling projectiles
A: no striking features
a: Renounce Religion


You were on level 5 of the Dungeon.
You worshipped Okawaru.
Okawaru was noncommittal.
You visited 2 branches of the dungeon, and saw 6 of its levels.

You collected 278 gold pieces.
You spent 130 gold pieces at shops.

Inventory:

Hand Weapons
 a - a +0 shortbow (weapon)
Missiles
 c - 31 arrows (quivered ammo)
 p - 2 throwing nets
Armour
 d - a +0 robe (worn)
 j - a +0 helmet (worn)
Magical Staves
 k - a staff of death
Jewellery
 g - a +4 ring of protection (left hand)
 n - the ring "Welom" (right hand) {rCorr Str+5 Stlth+}
   (You bought it in a shop on level 2 of the Dungeon)

   [ring of resist corrosion]

   Str:       It affects your strength (+5).
   rCorr:     It protects you from acid and corrosion.
   Stlth:     It makes you more stealthy.
Wands
 q - a wand of polymorph (4)
Scrolls
 f - 3 scrolls of identify
 l - a scroll of blinking {unknown}
 m - a scroll of silence {unknown}
 s - a scroll of amnesia
 u - a scroll of teleportation {unknown}
Potions
 b - 2 potions of berserk rage {unknown}
 e - 2 potions of resistance {unknown}
 h - 2 potions of brilliance {unknown}
 i - 3 potions of curing
 o - a potion of heal wounds {unknown}
 r - a potion of haste {unknown}
 t - a potion of degeneration {unknown}


   Skills:
 + Level 1.4 Fighting
 * Level 8.1 Bows
 + Level 2.9 Dodging
 * Level 3.3 Spellcasting
 * Level 5.0 Hexes
 * Level 1.4 Translocations


You had 4 spell levels left.
You knew the following spells:

 Your Spells              Type           Power      Damage    Failure   Level
a - Slow                  Hex            92%        N/A       1%          1
b - Inner Flame           Hex/Fire       13%        N/A       14%         3
c - Portal Projectile     Hex/Tloc       32%        N/A       11%         3

Your spell library contained the following spells:

 Spells                   Type           Power      Damage    Failure   Level
 Cause Fear               Hex            11%        N/A       17%         4
 Ignite Poison            Fire/Tmut/Pois 3%         N/A       38%         3
 Mephitic Cloud           Conj/Pois/Air  3%         N/A       38%         3
 Freezing Cloud           Conj/Ice/Air   1%         6-21      98%         5


Dungeon Overview and Level Annotations

Branches:
Dungeon (5/15)             Temple (1/1) D:5

Altars:
Ashenzari
Cheibriados
Elyvilon
Fedhas
Makhleb
Okawaru
Qazlal
Trog
Uskayaw
Xom
Yredelemnul
The Shining One

Shops:
D:2 *


Message History

You magically shoot an arrow.
The arrow barely misses the water moccasin.
You feel sick. The water moccasin misses you.
Fire: 35 arrows
Press: ? - help, Q - select action, (/) - cycle Shift-Dir - straight line, f/p - water moccasin
Aim: a water moccasin (moderately wounded, slow, 50% to hit)
You magically shoot an arrow.
The arrow hits the water moccasin.
The water moccasin is heavily wounded.
You feel sick.
Fire: 34 arrows
Press: ? - help, Q - select action, (/) - cycle Shift-Dir - straight line, f/p - water moccasin
Aim: a water moccasin (heavily wounded, slow, 50% to hit)
You magically shoot an arrow.
The arrow misses the water moccasin.
You feel sick. The water moccasin bites you.
* * * LOW HITPOINT WARNING * * *
A black bear comes into view.
Fire: 33 arrows
Press: ? - help, Q - select action, (/) - cycle Shift-Dir - straight line, f/p - water moccasin
Aim: a water moccasin (heavily wounded, slow, 50% to hit)
You magically shoot an arrow.
The black bear growls angrily.
The arrow hits the water moccasin but does no damage.
The water moccasin is heavily wounded.
You feel sick. The water moccasin closely misses you.
Fire: 32 arrows
Press: ? - help, Q - select action, (/) - cycle Shift-Dir - straight line, f/p - water moccasin
Aim: a water moccasin (moderately wounded, slow, 50% to hit)
You magically shoot an arrow.
The arrow closely misses the water moccasin.
You feel sick. The water moccasin bites you.
* * * LOW HITPOINT WARNING * * *
You are lethally poisoned!
The water moccasin poisons you!
It was a potion of curing.
You feel better. The water moccasin bites you!
* * * LOW HITPOINT WARNING * * *
As you read the scroll labelled NAXAAM ASIUTZ, it crumbles to dust.
It is a scroll of identify.
s - a scroll of amnesia The water moccasin bites you.
You die...

###### #....# ...#.
#....# ..(' ######....#
...# #......>.## .(.#
#........######## ..(#
#...............# ...#
#...##'####.....##(..#
#.. ##...##...@S....(# .
#....##....h##...+
###+##...##.....##...#
#...##...#.......#...#
#........#.......#...#
#........#.......#...#
#........##......##'##
#........####.##.##.##..
#...##.....#.........#..


You could see a water moccasin (slow) and a black bear.

Vanquished Creatures
  An ogre (D:4)
  A bullfrog (D:3)
  A water moccasin skeleton (D:4)
  2 hounds (D:4)
  2 jellies (D:4)
  A centaur skeleton (D:5)
  An orc wizard (D:4)
  A howler monkey zombie (D:5)
  Robin (D:2)
  An adder (D:2)
  A howler monkey skeleton (D:4)
  3 dart slugs (D:3)
  8 orcs
  5 ball pythons
  A bat (D:3)
  3 endoplasms
  3 giant cockroaches
  22 goblins
  9 hobgoblins
  2 jackals (D:1)
  A quokka (D:1)
  A frilled lizard (D:3)
  4 kobolds
  6 rats
81 creatures vanquished.

Vanquished Creatures (others)
  5 toadstools (D:1)
5 creatures vanquished.

Grand Total: 86 creatures vanquished

Notes
Turn   | Place    | Note
-------+----------+-------------------------------------------
     0 | D:1      | Hipnos the Deep Elf Arcane Marksman began the quest for the
                  | Orb.
     0 | D:1      | Reached XP level 1. HP: 11/11 MP: 5/5
   161 | D:1      | Reached skill level 3 in Bows
   186 | D:1      | Reached XP level 2. HP: 16/16 MP: 6/6
  1032 | D:2      | Reached skill level 4 in Bows
  1032 | D:2      | Reached XP level 3. HP: 7/20 MP: 7/7
  1492 | D:2      | Found Teic Qenna's Assorted Antiques.
  1624 | D:2      | Reached skill level 1 in Fighting
  1632 | D:2      | Bought a shimmering brass ring for 130 gold pieces
  1632 | D:2      | Identified the ring "Welom" {rCorr Str+5 Stlth+} (You
                  | bought it in a shop on level 2 of the Dungeon)
  1775 | D:2      | Noticed Robin
  1802 | D:2      | Killed Robin
  2104 | D:3      | Reached skill level 5 in Bows
  2134 | D:3      | Reached XP level 4. HP: 25/25 MP: 8/8
  2184 | D:3      | Learned a level 3 spell: Inner Flame
  2197 | D:3      | Noticed a bullfrog
  2212 | D:3      | Killed a bullfrog
  2213 | D:3      | Reached XP level 5. HP: 29/29 MP: 7/10
  2302 | D:3      | Reached skill level 6 in Bows
  3073 | D:4      | Learned a level 3 spell: Portal Projectile
  3133 | D:4      | Noticed an ogre
  3158 | D:4      | Killed an ogre
  3246 | D:4      | Reached skill level 7 in Bows
  3246 | D:4      | Reached XP level 6. HP: 34/34 MP: 12/12
  3365 | D:4      | Reached skill level 1 in Translocations
  3709 | D:4      | Reached skill level 8 in Bows
  3709 | D:4      | Reached skill level 5 in Hexes
  3880 | D:5      | Entered Level 5 of the Dungeon
  3894 | D:5      | Found a staircase to the Ecumenical Temple.
  3920 | Temple   | Entered the Ecumenical Temple
  3931 | Temple   | Became a worshipper of Warmaster Okawaru
  4119 | D:5      | Noticed a water moccasin
  4142 | D:5      | Slain by a water moccasin

Illustrated notes

Levels and vault maps discovered:
D:1:      nicolae_arrival_memento_mori, layout_loops_ring,
          minmay_gold_behind_fungi, kennysheep_decorative_pillar,
          hangedman_feature_mirror, minmay_octomino_e4
D:2:      layout_rooms, serial_shops, nicolae_shop_waterfront, uniq_robin
D:3:      layout_basic, minmay_bisected
D:4:      layout_cave_pods
D:5:      layout_gridville, minitemple, minmay_temple_entry_large_hall
Temple:   lightli_temple_of_artemis

Skill      XL: |  1  2  3  4  5  6 |
---------------+-------------------+-----
Bows           | 3 4 5 7 8 |  8.1
Fighting       | 1 |  1.4
Spellcasting   | 2 3 |  3.3
Translocations | 1 |  1.4
Hexes          | 5 |  5.0
Dodging        | |  2.9

Action                   |  1- 3 |  4- 6 || total
-------------------------+-------+-------++-------
Melee: Unarmed           |    14 |       ||    14
       Shortbow          |     2 |       ||     2
 Fire: Shortbow          |   118 |   154 ||   272
 Cast: Slow              |     3 |     7 ||    10
       Portal Projectile |       |     1 ||     1
  Use: Scroll            |       |     1 ||     1
       Potion            |       |     1 ||     1
Armor: Robe              |    23 |    25 ||    48
Dodge: Dodged            |    51 |    37 ||    88

Table legend: (Time is in decaauts)
 A = Elapsed time spent in this place.
 B = Non-inter-level travel time spent in this place.
 C = Inter-level travel time spent in this place.
 D = Time resting spent in this place.
 E = Time spent auto-exploring this place.
 F = Levels seen in this place.
 G = Mean time per level.
                   A        B        C        D        E       F      G
               +--------+--------+--------+--------+--------+-----+--------+
         Total |   4147 |   4014 |    133 |      0 |   3355 |   6 |  691.2 |
       Dungeon |   4124 |   4002 |    122 |      0 |   3353 |   5 |  824.8 |
        Temple |     22 |     11 |     11 |      0 |      2 |   1 |   22.0 |
               +--------+--------+--------+--------+--------+-----+--------+

Top non-repeatable levels by time:
     D:2: 1163 daAuts
     D:1: 945 daAuts
     D:4: 897 daAuts
     D:3: 881 daAuts
     D:5: 236 daAuts
  Temple: 22 daAuts
